 Dungeon Crawl Stone Soup version 0.29-a0-643-ga013cefcf8 (webtiles) character file.

Game seed: 17294548713901550715

77 dolemite99 the Poker (level 4, -11/41 HPs)
             Began as a Gnoll Chaos Knight on June 20, 2022.
             Was an Initiate of Gozag.
             Mangled by a guardian serpent (shapeshifter) (18 damage)
             ... on level 2 of the Dungeon.
             The game lasted 00:02:25 (1499 turns).

dolemite99 the Poker (Gnoll Chaos Knight)           Turns: 1499, Time: 00:02:25

Health: -11/41     AC:  5    Str: 13    XL:     4   Next: 33%
Magic:  5/5        EV: 12    Int: 12    God:    Gozag
Gold:   139        SH:  0    Dex: 11    Spells: 5/5 levels left

rFire   . . .      SeeInvis .   a - +0 spear (chaos)
rCold   . . .      Faith    .   (no shield)
rNeg    . . .      Spirit   .   b - +2 leather armour
rPois   .          Reflect  .   (no helmet)
rElec   .          Harm     .   (no cloak)
rCorr   .          Rampage  .   (no gloves)
Will    .....                   (no boots)
Stlth   +.........              (no amulet)
HPRegen 0.13/turn               (no ring)
MPRegen 0.09/turn               (no ring)

@: invisible
A: fangs 1, strong nose, distributed training
a: Renounce Religion, Potion Petition, Call Merchant, Bribe Branch


You were on level 2 of the Dungeon.
You worshipped Gozag.
Gozag was aware of your devotion.
You visited 1 branch of the dungeon, and saw 2 of its levels.

You collected 139 gold pieces.

Inventory:

Hand Weapons
 a - a +0 spear of chaos (weapon)
Armour
 b - a +2 leather armour (worn)
Jewellery
 g - a ring of ice
Scrolls
 d - a scroll of blinking
Potions
 f - a potion of resistance {unknown}
Miscellaneous
 c - a piece from Xom's chessboard (inert)


   Skills:
 + Level 6.6 Fighting
 + Level 1.1 Short Blades
 + Level 1.1 Long Blades
 + Level 1.1 Axes
 + Level 1.1 Maces & Flails
 + Level 6.6 Polearms
 + Level 1.1 Staves
 + Level 1.1 Slings
 + Level 1.1 Bows
 + Level 1.1 Crossbows
 + Level 1.1 Throwing
 + Level 4.6 Armour
 + Level 2.7 Dodging
 + Level 1.1 Stealth
 + Level 1.1 Shields
 + Level 1.1 Unarmed Combat
 + Level 1.1 Spellcasting
 + Level 0.8 Conjurations
 + Level 0.8 Hexes
 + Level 0.8 Summonings
 + Level 0.8 Necromancy
 + Level 0.8 Translocations
 + Level 0.8 Transmutations
 + Level 0.8 Fire Magic
 + Level 0.8 Ice Magic
 + Level 0.8 Air Magic
 + Level 0.8 Earth Magic
 + Level 0.8 Poison Magic
 + Level 1.2 Invocations
 + Level 1.1 Evocations


You had 5 spell levels left.
You didn't know any spells.
Your spell library was empty.

Dungeon Overview and Level Annotations

Branches:
Dungeon (2/15)

Altars:
Gozag
Okawaru

Shops:
D:2 (


Innate Abilities, Weirdness & Mutations

You have very sharp teeth.
Your uncanny sense of smell can sniff out nearby items.
Your experience applies equally to all skills.


Message History

An endoplasm is nearby!
You reach to attack!
You hit the endoplasm but do no damage. You barely miss the endoplasm.
You bite the endoplasm.
The endoplasm is moderately wounded.
The endoplasm misses you.
You hit the endoplasm but do no damage.
The endoplasm suddenly seems more agile.
The endoplasm is moderately wounded.
You hit the endoplasm.
The endoplasm changes into a shapeshifter!
The shapeshifter changes into a guardian serpent! "This might be better!"
The guardian serpent suddenly seems more agile.
You hit the guardian serpent but do no damage.
The guardian serpent is poisoned.
The guardian serpent barely misses you.
You miss the guardian serpent. The guardian serpent hits you.
A guardian serpent is nearby!
You miss the guardian serpent.
The guardian serpent is lightly wounded.
The guardian serpent closely misses you.
A guardian serpent is nearby!
You hit the guardian serpent. You burn the guardian serpent.
The guardian serpent is lightly wounded.
The guardian serpent hits you! x2
A guardian serpent is nearby!
You are too injured to fight recklessly!
You are too injured to fight recklessly!
You hit the guardian serpent but do no damage.
The guardian serpent is lightly wounded.
The guardian serpent hits you.
* * * LOW HITPOINT WARNING * * *
Okay, then.
You fade into invisibility!
The guardian serpent hits you.
* * * LOW HITPOINT WARNING * * *
You barely miss the guardian serpent.
The guardian serpent is lightly wounded.
The guardian serpent hits you!!
You die...
Your body crumbles into a pile of gold.

#.⌠...⌠.# # #.......#
# #...<...# #
#..$....# #.⌠...⌠.###
#..(....... #
##..⌠.##### #
##S.###### #
#.#####@......?
#.......######
#.#####.## #.# #######
#.# ......###
####.#####
....^...#####........#
..#####.....#.##.###.#
..# #..##.#.##.# #.#


You could see a guardian serpent shaped shifter (agile, very poisoned).

Vanquished Creatures
  2 adders (D:2)
  4 worms (D:2)
  6 ball pythons
  4 bats
  5 endoplasms
  5 giant cockroaches
  3 goblins
  3 hobgoblins
  3 jackals (D:2)
  A quokka (D:1)
  2 kobolds
  5 rats
43 creatures vanquished.

Notes
Turn   | Place    | Note
-------+----------+-------------------------------------------
     0 | D:1      | dolemite99 the Gnoll Chaos Knight began the quest for the
                  | Orb.
     0 | D:1      | Reached XP level 1. HP: 23/23 MP: 1/1
     5 | D:1      | XOM: silly message
   224 | D:1      | Reached XP level 2. HP: 28/29 MP: 2/2
   355 | D:1      | XOM: silly message
   762 | D:2      | Found Tipuim's Antique Weapon Shoppe.
   772 | D:2      | Found a faded altar of an unknown god.
   772 | D:2      | XOM: 4-stop teleportation journey
   774 | D:2      | Reached XP level 3. HP: 35/35 MP: 3/3
   790 | D:2      | Reached skill level 1 in Invocations
   795 | D:2      | XOM: blink monster(s)
   915 | D:2      | Prayed at the altar of an unknown god.
   915 | D:2      | Fell from the grace of Xom
   915 | D:2      | Became a worshipper of Gozag Ym Sagoz the Greedy
   931 | D:2      | Reached skill level 1 in Short Blades
   931 | D:2      | Reached skill level 1 in Long Blades
   931 | D:2      | Reached skill level 1 in Axes
   931 | D:2      | Reached skill level 1 in Maces & Flails
   931 | D:2      | Reached skill level 1 in Staves
   931 | D:2      | Reached skill level 1 in Slings
   931 | D:2      | Reached skill level 1 in Bows
   931 | D:2      | Reached skill level 1 in Crossbows
   931 | D:2      | Reached skill level 1 in Throwing
   931 | D:2      | Reached skill level 1 in Stealth
   931 | D:2      | Reached skill level 1 in Shields
   931 | D:2      | Reached skill level 1 in Unarmed Combat
   931 | D:2      | Reached skill level 1 in Spellcasting
   931 | D:2      | Reached skill level 1 in Evocations
  1036 | D:2      | Reached XP level 4. HP: 41/41 MP: 5/5
  1384 | D:2      | Found an iron altar of Okawaru.
  1492 | D:2      | Noticed a shapeshifter
  1492 | D:2      | an endoplasm changed into a shapeshifter
  1492 | D:2      | Noticed a guardian serpent
  1492 | D:2      | a shapeshifter changed into a guardian serpent
  1492 | D:2      | XOM: enchant monster (bad)
  1499 | D:2      | Mangled by a guardian serpent (shapeshifter)

Illustrated notes

Levels and vault maps discovered:
D:1:      kennysheep_arrival_forest, layout_basic
D:2:      layout_loops_corners, serial_shops, nicolae_shop_waterfront,
          basic_altar, nicolae_ecumenical_snake_handling, minmay_crystal_room,
          minmay_fountain_box, grunt_ministairs_2

Skill      XL: |  1  2  3 |
---------------+----------+-----
Invocations    | 1 |  1.2
Short Blades   | 1 |  1.1
Long Blades    | 1 |  1.1
Axes           | 1 |  1.1
Maces & Flails | 1 |  1.1
Staves         | 1 |  1.1
Slings         | 1 |  1.1
Bows           | 1 |  1.1
Crossbows      | 1 |  1.1
Throwing       | 1 |  1.1
Stealth        | 1 |  1.1
Shields        | 1 |  1.1
Unarmed Combat | 1 |  1.1
Spellcasting   | 1 |  1.1
Evocations     | 1 |  1.1
Fighting       | |  6.6
Polearms       | |  6.6
Armour         | |  4.6
Dodging        | |  2.7
Conjurations   | |  0.8
Hexes          | |  0.8
Summonings     | |  0.8
Necromancy     | |  0.8
Translocations | |  0.8
Transmutations | |  0.8
Fire Magic     | |  0.8
Ice Magic      | |  0.8
Air Magic      | |  0.8
Earth Magic    | |  0.8
Poison Magic   | |  0.8

Action                   |  1- 3 |  4- 6 || total
-------------------------+-------+-------++-------
Melee: Spear             |    86 |    53 ||   139
       Bite              |     9 |     4 ||    13
       Punch             |     1 |     2 ||     3
Throw: Dart              |       |     3 ||     3
Evoke: Piece from Xom's  |    17 |     1 ||    18
  Use: Scroll            |     2 |       ||     2
       Potion            |       |     1 ||     1
 Stab: Paralysed         |     2 |       ||     2
       Sleeping          |     1 |     2 ||     3
       Petrified         |     6 |     4 ||    10
       Confused          |     1 |       ||     1
Armor: Leather armour    |    31 |     6 ||    37
Dodge: Dodged            |    43 |     9 ||    52

Table legend: (Time is in decaauts)
 A = Elapsed time spent in this place.
 B = Non-inter-level travel time spent in this place.
 C = Inter-level travel time spent in this place.
 D = Time resting spent in this place.
 E = Time spent auto-exploring this place.
 F = Levels seen in this place.
 G = Mean time per level.
                   A        B        C        D        E       F      G
               +--------+--------+--------+--------+--------+-----+--------+
         Total |   1469 |   1457 |     12 |     99 |   1009 |   2 |  734.5 |
       Dungeon |   1469 |   1457 |     12 |     99 |   1009 |   2 |  734.5 |
               +--------+--------+--------+--------+--------+-----+--------+

Top non-repeatable levels by time:
     D:1: 750 daAuts
     D:2: 719 daAuts
